 Dungeon Crawl Stone Soup version 0.21-a0-531-gacddea6 (webtiles) character file.

47 slep the Ducker (level 3, 0/18 HPs)
             Began as a Vine Stalker Gladiator on Dec 14, 2017.
             Succumbed to an adder's poison
             ... on level 2 of the Dungeon.
             The game lasted 00:04:48 (934 turns).

slep the Ducker (Vine Stalker Gladiator)             Turns: 934, Time: 00:04:49

Health: 0/18       AC:  4    Str: 16    XL:     3   Next: 70%
Magic:  3/4        EV: 13    Int:  9    God:
Gold:   63         SH:  0    Dex: 15    Spells: 2/2 levels left

rFire    . . .     SeeInvis .   a - +0 war axe
rCold    . . .     Gourm    .   (no shield)
rNeg     . . .     Faith    .   b - +0 leather armour
rPois    .         Spirit   +   c - +0 helmet
rElec    .         Reflect  .   (no cloak)
rCorr    .         Harm     .   (no gloves)
MR       .....                  (no boots)
Stlth    +.........             (no amulet)
HPRegen  0.06/turn              (no ring)
MPRegen  0.09/turn              (no ring)

@: lethally poisoned (0 -> -6)
A: fangs 2, magic shield, antimagic bite, no potion heal 3, rot immunity
a: no special abilities


You were on level 2 of the Dungeon.
You were not hungry.

You visited 1 branch of the dungeon, and saw 4 of its levels.

You collected 63 gold pieces.

Inventory:

Hand Weapons
 a - a +0 war axe (weapon)
Missiles
 d - 3 throwing nets (quivered)
Armour
 b - a +0 leather armour (worn)
 c - a +0 helmet (worn)
Jewellery
 n - an uncursed ring of ice
Wands
 o - a wand of scattershot (7)
Scrolls
 e - a scroll of teleportation {unknown}
 g - a scroll of remove curse {unknown}
 h - 2 scrolls of identify {unknown}
Potions
 l - a potion of flight {unknown}
Comestibles
 f - 2 bread rations
 i - 2 meat rations
 m - 2 chunks of flesh


   Skills:
 + Level 1.9 Fighting
 + Level 3.1 Axes
 + Level 2.1 Throwing
 + Level 0.1 Armour
 + Level 3.1 Dodging


You had 2 spell levels left.
You didn't know any spells.

Dungeon Overview and Level Annotations

Branches:
Dungeon (4/15)
 Temple: D:4-7

Altars:

Annotations:
D:3 Natasha
D:4 drazt1k's ghost, amateur HuAr


Innate Abilities, Weirdness & Mutations

You have extremely sharp teeth.
When hurt, damage is shared between your health and your magic reserves.
Your bite disrupts and absorbs the magic of your enemies.
Potions cannot restore your health.
You are immune to rotting.


Message History

The adder poisons you! The adder bites you but does no damage.
You closely miss the adder. Your bite misses the adder.
The adder is lightly wounded.
* * * LOW HITPOINT WARNING * * *
You feel sick.
The adder bites you but does no damage. x2
You hit the adder. Your bite misses the adder.
The adder is moderately wounded.
* * * LOW HITPOINT WARNING * * *
You feel sick. The adder barely misses you. The adder closely misses you.
You barely miss the adder.
The adder is moderately wounded.
The adder bites you.
You barely miss the adder. You bite the adder. You drain its power.
You feel invigorated.
The adder is severely wounded.
* * * LOW HITPOINT WARNING * * *
You feel sick. The adder barely misses you. The adder bites you.
You closely miss the adder. You bite the adder, but do no damage.
The adder is severely wounded.
You die...

## .# #######
.###.....#####
.##..........#######
..'..........'....>#
###..........#####.#
.###.....#####.S@..#
####.....# #.#####
(.......## #
......#.# ......#.#
........# .......#
#......# .......


You could see an adder.

Vanquished Creatures
  2 adders
  An adder skeleton (D:4)
  A dart slug (D:2)
  A leopard gecko (D:4)
  5 bats
  2 giant cockroaches
  A goblin (D:2)
  A hobgoblin (D:2)
  6 jackals
  A rat (D:2)
21 creatures vanquished.

Vanquished Creatures (others)
  A goblin (D:2)
1 creature vanquished.

Grand Total: 22 creatures vanquished

Notes
Turn   | Place    | Note
-------+----------+-------------------------------------------
     0 | D:1      | slep the Vine Stalker Gladiator began the quest for the Orb.
     0 | D:1      | Reached XP level 1. HP: 11/11 MP: 2/2
    93 | D:2      | Reached XP level 2. HP: 14/15 MP: 3/3
   285 | D:4      | Reached XP level 3. HP: 9/18 MP: 4/4
   314 | D:4      | Noticed drazt1k's ghost (amateur HuAr)
   336 | D:3      | Noticed Natasha
   934 | D:2      | Succumbed to an adder's poison

Vault maps used:
D:1:      dpeg_arrival_simpleton_b, xom_teletrap_fun
D:2:      lemuel_blue_sif_altar
D:3:      lemuel_crystal_altar, grunt_ministairs_9, minmay_misc_feat_rugged,
          dk_vineyard_1, uniq_natasha
D:4:      kennysheep_okawaru_gauntlet, grunt_ministairs_8, uniq_eustachio

Skill      XL: |  1  2  3 |
---------------+----------+-----
Dodging        | 3 |  3.1
Throwing       | 2 |  2.1
Axes           | 3 |  3.1
Fighting       | |  1.9
Armour         | |  0.1

Action                   || total
-------------------------++-------
Melee: War axe           ||    77
       Bite              ||    18
  Use: Potion            ||     3
 Stab: Sleeping          ||     1
Armor: Leather armour    ||    40
Dodge: Dodged            ||    97

Table legend:
 A = Spawn XP
 B = Non-spawn XP
 C = Spawn XP percentage of total XP
 D = Spawn monster count
 E = Non-spawn monster count
 F = Spawn count percentage of total count
 G = Total turns spent on level
                    A         B        C        D         E        F      G
               +---------+---------+-------+---------+---------+-------+---------
         Total |       0 |      68 |   0.0 |       0 |      21 |   0.0 |   934
               +---------+---------+-------+---------+---------+-------+---------
           D:1 |       0 |       2 |   0.0 |       0 |       1 |   0.0 |    14
           D:2 |       0 |      36 |   0.0 |       0 |      13 |   0.0 |   364
           D:3 |       0 |       6 |   0.0 |       0 |       3 |   0.0 |   326
           D:4 |       0 |      24 |   0.0 |       0 |       4 |   0.0 |   230
               +---------+---------+-------+---------+---------+-------+---------
